 Dungeon Crawl Stone Soup version 0.20-a0-1122-gb7cbeb9 (webtiles) character file.

23 Gorice the Sneak (level 2, -5/24 HPs)
             Began as a Minotaur Enchanter on May 14, 2017.
             Slain by a kobold
             ... wielding a +1 whip of distortion
              (18 damage)
             ... on level 1 of the Dungeon.
             The game lasted 00:02:13 (571 turns).

Gorice the Sneak (Minotaur Enchanter)                Turns: 571, Time: 00:02:14

Health: -5/24      AC:  2    Str: 12    XL:     2   Next: 72%
Magic:  3/3        EV: 12    Int: 12    God:
Gold:   5          SH:  0    Dex: 10    Spells: 2/3 levels left

rFire    . . .     SeeInvis .   e - +0 spear
rCold    . . .     Gourm    .   (no shield)
rNeg     . . .     Faith    .   b - +0 robe
rPois    .         Spirit   .   (helmet restricted)
rElec    .         Reflect  .   (no cloak)
rCorr    .         Harm     .   (no gloves)
MR       .....                  (no boots)
Stlth    ++........             (no amulet)
Regen    0.1/turn               (no ring)
MPRegen  0.1/turn               (no ring)

@: no status effects
A: retaliatory headbutt, horns 2
a: no special abilities


You were on level 1 of the Dungeon.
You were not hungry.

You visited 1 branch of the dungeon, and saw 1 of its levels.

You collected 5 gold pieces.

Inventory:

Hand Weapons
 a - a +1 dagger
 e - a +0 spear (weapon)
Missiles
 i - 23 bolts
Armour
 b - a +0 robe (worn)
Scrolls
 f - a scroll of magic mapping {unknown}
 j - a scroll of fear {unknown}
 l - a scroll of teleportation {unknown}
 n - a scroll of enchant weapon {unknown}
 o - a scroll of identify {unknown}
Potions
 k - a potion of flight {unknown}
Books
 c - a book of Maledictions
Comestibles
 d - a bread ration {!e}
 g - 2 royal jellies
 h - 3 chunks of flesh


   Skills:
 + Level 2.0 Fighting
 - Level 1.1 Short Blades
 + Level 2.0 Polearms
 - Level 2.1 Dodging
 - Level 2.4 Stealth
 - Level 1.3 Spellcasting
 - Level 2.0 Hexes


You had 2 spell levels left.
You knew the following spells:

 Your Spells              Type           Power        Failure   Level  Hunger
a - Corona                Hex            #......      13%         1    ##.....


Dungeon Overview and Level Annotations

Branches:
Dungeon (1/15)

Altars:


Innate Abilities, Weirdness & Mutations

You reflexively headbutt those who attack you in melee.
You have a pair of horns on your head.


Message History

Damage: 3 (max 3)
You are too injured to fight recklessly!
You are too injured to fight recklessly!
You are too injured to fight recklessly!
You are too injured to fight recklessly!
You are too injured to fight recklessly!
You are too injured to fight recklessly!
You are too injured to fight recklessly!
You hit the kobold. Your headbutt misses the kobold.
The kobold is severely wounded.
The kobold hits you with a dagger.
* * * LOW HITPOINT WARNING * * *
The kobold throws a stone.
The stone hits you but does no damage.
You miss the kobold.
The kobold is severely wounded.
The kobold closely misses you.
The kobold throws a stone.
The stone hits you but does no damage.
Damage: 1 (max 3)
You miss the kobold. Your headbutt misses the kobold.
The kobold is severely wounded.
The kobold hits you with a dagger.
* * * LOW HITPOINT WARNING * * *
Damage: 2 (max 3)
You miss the kobold.
The kobold is severely wounded.
The kobold hits you but does no damage.
You barely miss the kobold.
The kobold is severely wounded.
The kobold hits you but does no damage.
You closely miss the kobold.
The kobold is severely wounded.
The kobold hits you with a dagger.
* * * LOW HITPOINT WARNING * * *
Damage: 4 (max 4)
The kobold hits you but does no damage. The kobold hits you but does no damage.
The kobold barely misses you. You furiously retaliate!
You headbutt the kobold.
You kill the kobold!
Your Fighting skill increases to level 2!
Press: ? - help, v - describe, . - travel
Here: a kobold, wielding a whip of distortion The floor.
Unknown command.
Unknown command.
Really quaff
m - a potion of heal wounds {!q}?
You feel much better.
The kobold hits you with a whip of distortion!
Space warps horribly around you!
Ouch! That really hurt!
You die...

+......#.#### ##...#
##....# #
#......#....###.(..##
#...##.#
#......#............#
#......#
+......#............#
##..####
#.........#.....)...#
#..#
####+####.#.........##
#..#
#.#..........###..##
#.#.....K.....##...#
#.#####.@....#.#...##
#.#..........#..#...#
.
#.#...>......#.#....#
.#
#............#.##....#
##
###.#........#..##.#.#
# #+########.######..#
# ##. ..# # #. ..# #
.##


You could see a kobold.

Vanquished Creatures
  An adder (D:1)
  A goblin (D:1)
  2 hobgoblins (D:1)
  3 kobolds (D:1)
  5 bats (D:1)
  2 rats (D:1)
14 creatures vanquished.

Notes
Turn   | Place    | Note
-------+----------+-------------------------------------------
     0 | D:1      | Gorice the Minotaur Enchanter began the quest for the Orb.
     0 | D:1      | Reached XP level 1. HP: 14/14 MP: 1/1
   238 | D:1      | Reached skill level 1 in Fighting
   238 | D:1      | Reached skill level 1 in Polearms
   267 | D:1      | HP: 4/16 [adder (3)]
   267 | D:1      | Reached XP level 2. HP: 6/23 MP: 3/3
   527 | D:1      | Reached skill level 2 in Polearms
   563 | D:1      | HP: 5/24 [kobold/dagger (4)]
   567 | D:1      | Reached skill level 2 in Fighting
   571 | D:1      | Slain by a kobold

Vault maps used:
D:1:      nicolae_arrival_somewhat_less_tricky_arrival, amethyst_killhole,
          minmay_cut_off

Skill      XL: |  1  2 |
---------------+-------+-----
Fighting       | 1 2 |  2.0
Polearms       | 1 2 |  2.0
Short Blades   | |  1.1
Dodging        | |  2.1
Stealth        | |  2.4
Spellcasting   | |  1.3
Hexes          | |  2.0

Action                   || total
-------------------------++-------
Melee: Spear             ||    52
       Headbutt          ||     3
  Use: Potion            ||     2
Armor: Robe              ||     8
Dodge: Dodged            ||    30

Table legend:
 A = Turns spent in this place as a percentage of turns spent in the entire game.
 B = Non-inter-level travel turns spent in this place as a percentage of non-inter-level travel turns spent in the entire game.
 C = Inter-level travel turns spent in this place as a percentage of turns spent in this place.
 D = Turns resting spent in this place as a percentage of non-inter-level travel turns spent in this place.
 E = Turns spent auto-exploring this place as a percentage of non-inter-level travel turns spent in this place.
 F = Non-inter-level travel turns spent in this place divided by the number of levels of this place that you've seen.
                   A       B       C       D       E      F
               +-------+-------+-------+-------+-------+----------------------
         Total | 100.0 | 100.0 |   0.0 |   8.9 |   4.5 | 247.0
       Dungeon | 100.0 | 100.0 |   0.0 |   8.9 |   4.5 | 247.0
               +-------+-------+-------+-------+-------+----------------------

Vault maps used:
D:1:      nicolae_arrival_somewhat_less_tricky_arrival, amethyst_killhole,
          minmay_cut_off
